 Dungeon Crawl Stone Soup version 0.23-a0-808-gd21de94 (webtiles) character file.

1449 Hydrazoo the Skirmisher (level 8, -10/57 HPs)
             Began as an Octopode Transmuter on Jan 20, 2019.
             Mangled by a hell rat (16 damage)
             ... on level 6 of the Dungeon.
             The game lasted 00:14:19 (6573 turns).

Hydrazoo the Skirmisher (Octopode Transmuter)       Turns: 6573, Time: 00:14:21

Health: -10/57     AC:  2    Str:  9    XL:     8   Next: 75%
Magic:  17/20      EV: 23    Int: 15    God:
Gold:   397        SH:  0    Dex: 20    Spells: 1/11 levels left

rFire    . . .     SeeInvis .     - Unarmed
rCold    . . .     Gourm    .   (shield currently unavailable)
rNeg     . . .     Faith    .   (helmet currently unavailable)
rPois    x         Spirit   .   (no amulet)
rElec    .         Reflect  .   g - ring of magical power
rCorr    .         Harm     .   h - +5 ring of slaying
MR       .....                  (no ring)
Stlth    ++........             (no ring)
HPRegen  0.19/turn              (no ring)
MPRegen  0.17/turn              (no ring)
                                (no ring)
                                (no ring)

@: spider-form, drained
A: tiny, almost no armour, stealthy swim, (amphibious), 8 rings, (constrict 8)
a: End Transformation


You were on level 6 of the Dungeon.
You were not hungry.
You were a venomous arachnid creature.
You visited 1 branch of the dungeon, and saw 6 of its levels.

You collected 397 gold pieces.

Inventory:

Missiles
 a - 133 arrows
Jewellery
 g - a ring of magical power (left front leg)
 h - a +5 ring of slaying (right front leg)
 v - a +3 amulet of reflection {unknown}
Wands
 m - a wand of polymorph (7)
 x - a wand of digging (4)
 y - a wand of acid (8)
Scrolls
 d - 4 scrolls of remove curse
 e - a scroll of fog {unknown}
 n - a scroll of amnesia {unknown}
 p - 3 scrolls of teleportation
 q - a scroll of fear
 r - 2 scrolls of magic mapping {unknown}
 t - a scroll of enchant weapon {unknown}
 u - 2 scrolls of random uselessness {unknown}
Potions
 b - 2 potions of heal wounds
 i - 2 potions of might {unknown}
 j - 2 potions of cancellation {unknown}
 k - 4 potions of curing
 l - 2 potions of haste {unknown}
 o - a potion of brilliance {unknown}
 s - a potion of resistance {unknown}
 w - 2 potions of agility
 z - a potion of lignification {unknown}
 A - a potion of berserk rage {unknown}
Comestibles
 c - 18 rations
 f - 5 chunks of flesh


   Skills:
 * Level 6.2(5.7) Fighting
 + Level 4.9(4.5) Dodging
 + Level 5.6(5.2) Unarmed Combat
 - Level 2.0(1.6) Spellcasting
 + Level 5.4(5.0) Transmutations
 - Level 1.0(0.6) Poison Magic


You had one spell level left.
You knew the following spells:

 Your Spells              Type           Power        Failure   Level  Hunger
a - Beastly Appendage     Tmut           ###...       11%         1    ##.....
b - Spider Form           Tmut/Pois      #.........   43%         3    ####...
c - Ice Form              Ice/Tmut       #.......     82%         4    #####..
d - Sticks to Snakes      Tmut           ###.....     14%         2    ###....

Your spell library contained the following spells:

 Spells                   Type           Power        Failure   Level  Hunger
 Blade Hands              Tmut           ###.......   82%         5    ######.


Dungeon Overview and Level Annotations

Branches:
Dungeon (6/15)
 Temple: D:4-7

Altars:
Elyvilon
Gozag
Wu Jian
Xom
Yredelemnul

Shops:
D:5 (

Annotations:
D:6 1 runed door


Innate Abilities, Weirdness & Mutations

You cannot wear most types of armour.
You are very stealthy in the water. (Stealth+)
((You are amphibious.))
You can wear up to eight rings at the same time.
((You can use your tentacles to constrict eight enemies at once.))
((Your skin changes colour to match your surroundings (Stealth+).))
((Your rubbery body absorbs attacks. (AC +1, EV +1)))


Message History

The river rat barely misses you.
You barely miss the river rat. Your squeeze misses the river rat.
You constrict the river rat, but do no damage.
You barely miss the river rat.
You constrict the river rat, but do no damage.
The hell rat bites you! The river rat barely misses you.
You tentacle-slap the river rat but do no damage.
You constrict the river rat. The hell rat bites you!
You feel drained.
* * * LOW HITPOINT WARNING * * *
The river rat closely misses you.
You are too injured to fight recklessly!
You are too injured to fight recklessly!
Casting: Spider Form (safe; 22% risk of failure)
Confirm with . or Enter, or press ? or * to list all spells.
You turn into a venomous arachnid creature.
You lose your grip on the river rat.
The hell rat barely misses you. The river rat bites you!
* * * LOW HITPOINT WARNING * * *
The hell rat bites you!
You die...

#...# #.#..###.###.#
#>..# #..###.#####.##
...#########.#.#.###.#
......# ##.....##.##
......#####..#....##.#
..........#.#.†#..##.#
...(..#####.÷#†.#.##.#
......# #..#..rr#.##
......# #..#..s.##.#
...|..#####.###...#.##
##.####...#.###.[##.#
##.####.####.#####.##
......#.# #.####.##
....).#.# ##.##.##
......#.# ##.#.#
......#.### #.#.##
......#...# #####


You could see a hell rat and a river rat.

Vanquished Creatures
  2 ogres
  3 centaurs
  A wyvern zombie (D:5)
  A bullfrog (D:5)
  A water moccasin zombie (D:5)
  A wyvern skeleton (D:6)
  3 crimson imps
  A centaur skeleton (D:4)
  A bullfrog skeleton (D:5)
  2 orc priests
  A hound (D:2)
  5 orc wizards
  2 iguanas (D:5)
  Jessica (D:2)
  4 worker ants
  Robin (D:4)
  3 adders
  5 river rats (D:6)
  An ooze (D:6)
  An adder skeleton (D:4)
  A worm (D:2)
  3 dart slugs
  6 leopard geckos
  7 orcs
  7 bats
  4 giant cockroaches
  19 goblins
  16 hobgoblins
  12 jackals
  8 kobolds
  4 quokkas
  7 ball pythons
  5 frilled lizards
  A quokka skeleton (D:4)
  A quokka zombie (D:6)
  22 rats
163 creatures vanquished.

Notes
Turn   | Place    | Note
-------+----------+-------------------------------------------
     0 | D:1      | Hydrazoo the Octopode Transmuter began the quest for the
                  | Orb.
     0 | D:1      | Reached XP level 1. HP: 13/13 MP: 3/3
   444 | D:1      | Reached XP level 2. HP: 12/18 MP: 3/5
  1563 | D:1      | Reached XP level 3. HP: 23/23 MP: 6/6
  1568 | D:1      | Learned a level 3 spell: Spider Form
  1916 | D:2      | Reached skill level 1 in Poison Magic
  1916 | D:2      | Reached XP level 4. HP: 26/29 MP: 7/7
  2137 | D:2      | Found a white marble altar of Elyvilon.
  2335 | D:2      | Noticed Jessica
  2342 | D:2      | Killed Jessica
  2342 | D:2      | Reached skill level 2 in Fighting
  2495 | D:3      | Reached XP level 5. HP: 34/34 MP: 8/8
  2989 | D:3      | Found a shimmering altar of Xom.
  2989 | D:3      | Found a basalt altar of Yredelemnul.
  2989 | D:3      | Found an opulent altar of Gozag.
  3155 | D:3      | Learned a level 4 spell: Ice Form
  3422 | D:4      | Noticed Robin
  3445 | D:4      | Killed Robin
  3445 | D:4      | Reached XP level 6. HP: 15/41 MP: 9/9
  3886 | D:4      | Reached skill level 3 in Fighting
  4138 | D:4      | Reached XP level 7. HP: 24/47 MP: 10/10
  4829 | D:4      | Reached skill level 4 in Fighting
  4898 | D:5      | Entered Level 5 of the Dungeon
  5071 | D:5      | Found Zuann's Weapon Shop.
  5346 | D:5      | Reached skill level 5 in Unarmed Combat
  5346 | D:5      | Reached XP level 8. HP: 50/54 MP: 11/11
  5400 | D:5      | Reached skill level 5 in Fighting
  5403 | D:5      | Found an ornate altar of the Wu Jian Council.
  5547 | D:5      | Reached skill level 5 in Transmutations
  6332 | D:6      | Found a runed door.
  6361 | D:6      | Reached skill level 6 in Fighting
  6389 | D:6      | Learned a level 2 spell: Sticks to Snakes
  6548 | D:6      | Found the +2 ratskin cloak {+Rats rPois rN+ Str-1 Int-1
                  | Dex+1}
  6573 | D:6      | Mangled by a hell rat

Vault maps used:
D:1:      dpeg_arrival_solitude, minmay_small_reverse_x
D:2:      elyvilon_altar_5, uniq_jessica
D:3:      gammafunk_temple_overflow_claw, serial_curves, eino_curves_04,
          eino_curves_04
D:4:      feat_on_display, uniq_robin
D:5:      old_standard_altar, first_ration, serial_shops, shop,
          minmay_ogre_servants
D:6:      wander_guarded_unrand_ratskin, uniq_crazy_yiuf_cottage

Skill      XL: |  1  2  3  4  5  6  7  8 |
---------------+-------------------------+-----
Transmutations | 3 4 5 |  5.4
Poison Magic   | 1 |  1.0
Fighting       | 2 3 4 6 |  6.2
Unarmed Combat | 4 5 |  5.6
Dodging        | 3 4 |  4.9
Spellcasting   | |  2.0

Action                   |  1- 3 |  4- 6 |  7- 9 || total
-------------------------+-------+-------+-------++-------
Melee: Unarmed           |    55 |   125 |   165 ||   345
       Constrict         |    16 |    13 |    12 ||    41
       Kick              |     5 |       |     3 ||     8
       Tentacles         |     3 |     7 |    12 ||    22
       Punch             |       |       |     5 ||     5
 Cast: Beastly Appendage |     4 |       |     1 ||     5
       Spider Form       |     3 |    12 |    15 ||    30
  Use: Scroll            |       |       |     6 ||     6
 Stab: Sleeping          |     4 |     2 |     6 ||    12
  Eat: Chunk             |     4 |     8 |    10 ||    22
Armor: Skin              |     4 |     8 |    12 ||    24
Dodge: Dodged            |    35 |    85 |   124 ||   244

Table legend:
 A = Non-vault XP
 B = Vault XP
 C = Vault XP percentage of total XP
 D = Non-vault monster count
 E = Vault monster count
 F = Vault count percentage of total count
                 A         B        C        D         E       F
            +---------+---------+-------+---------+---------+-------
      Total |    1778 |     292 |  14.1 |     117 |      46 |  28.2
            +---------+---------+-------+---------+---------+-------
        D:1 |      27 |       7 |  20.6 |      16 |       4 |  20.0
        D:2 |      87 |      37 |  29.8 |      19 |       1 |   5.0
        D:3 |     128 |       0 |   0.0 |      21 |       0 |   0.0
        D:4 |     449 |      37 |   7.6 |      29 |      13 |  31.0
        D:5 |     675 |     132 |  16.4 |      17 |       9 |  34.6
        D:6 |     412 |      79 |  16.1 |      15 |      19 |  55.9
            +---------+---------+-------+---------+---------+-------
